 Dungeon Crawl Stone Soup version 0.23-a0-270-gab6feb3 (webtiles) character file.

14059 MisterFreud the Covert (level 11, -14/81 HPs)
             Began as a Vampire Assassin on Oct 1, 2018.
             Was an Elder of Kikubaaqudgha.
             Demolished by Gastronok (37 damage)
             ... on level 1 of the Lair of Beasts.
             The game lasted 01:06:50 (16196 turns).

MisterFreud the Covert (Vampire Assassin)          Turns: 16196, Time: 01:06:51

Health: -14/81     AC:  8    Str: 10    XL:     11   Next: 83%
Magic:  0/11       EV: 20    Int: 18    God:    Kikubaaqudgha [****..]
Gold:   768        SH:  5    Dex: 15    Spells: 0/10 levels left

rFire    . . .     SeeInvis +   A - +2 short sword (speed)
rCold    + + .     Gourm    .   (no shield)
rNeg     + + +     Faith    .   H - +1 robe {MR+}
rPois    ∞         Spirit   .   B - +2 helmet
rElec    .         Reflect  +   d - +1 cloak
rCorr    .         Harm     .   (no gloves)
MR       +++..                  (no boots)
Stlth    ++++++++..             D - +5 amulet of reflection
HPRegen  0.00/turn              G - +1 ring of evasion
MPRegen  0.12/turn              u - ring of protection from magic

@: bloodless, non-regenerating
A: fangs 3, see invisible, unbreathing
a: Bat Form, Receive Corpses, Renounce Religion


You were on level 1 of the Lair of Beasts.
You worshipped Kikubaaqudgha.
Kikubaaqudgha was greatly pleased with you.
You were bloodless.

You visited 2 branches of the dungeon, and saw 12 of its levels.
You also visited: Labyrinth.

You collected 768 gold pieces.

Inventory:

Hand Weapons
 a - a +2 dagger of venom
 b - a +0 blowgun
 A - a +2 short sword of speed (weapon)
Missiles
 c - 8 tomahawks
 e - 45 poisoned needles
 f - 4 curare-tipped needles
 j - 335 stones (quivered)
 p - 47 sling bullets
 r - 5 javelins
 t - 173 arrows
 v - 4 needles of sleeping
 y - 23 bolts
 O - 2 javelins of returning
Armour
 d - a +1 cloak (worn)
 B - a +2 helmet (worn)
 H - a +1 robe of magic resistance (worn)
 R - the +1 robe of Marbles {rF++ Dex-2}
   (You found it in a labyrinth)

   It affects your dexterity (-2).
   It greatly protects you from fire.
Jewellery
 l - an uncursed ring of poison resistance
 u - a ring of protection from magic (right hand)
 D - a +5 amulet of reflection (around neck)
 G - a +1 ring of evasion (left hand)
 N - an uncursed ring of protection from cold
Wands
 E - a wand of disintegration (35)
 F - a wand of paralysis (23)
 I - a wand of digging (10)
 J - a wand of flame (74)
 P - a wand of clouds (5)
 U - a wand of random effects (13)
Scrolls
 h - 8 scrolls of remove curse
 k - 6 scrolls of teleportation
 m - 2 scrolls of amnesia
 w - 3 scrolls of magic mapping
 z - 3 scrolls of enchant armour
 K - a scroll of fog
 L - a scroll of fear
 M - a scroll of holy word
 Q - 3 scrolls of identify
 T - 2 scrolls of summoning
Potions
 g - 22 potions of blood
 i - a potion of cancellation
 n - 2 potions of might
 o - 3 potions of agility
 q - a potion of heal wounds
 s - 3 potions of lignification
 x - a potion of magic
 C - a potion of mutation
Miscellaneous
 S - a box of beasts
 V - a phantom mirror


   Skills:
 - Level 6.0 Fighting
 + Level 10.0 Short Blades
 - Level 1.5 Throwing
 - Level 10.1 Dodging
 + Level 14.0 Stealth
 + Level 8.0 Necromancy
 - Level 3.0 Translocations
 - Level 5.0 Earth Magic


You couldn't memorise any spells.
You knew the following spells:

 Your Spells              Type           Power        Failure   Level  Hunger
a - Vampiric Draining     Necr           ####......   2%          3    ####...
b - Borgnjor's Vile Clut  Necr/Erth      ###.......   38%         5    ######.
c - Blink                 Tloc           N/A          10%         2    ###....

Your spell library contained the following spells:

 Spells                   Type           Power        Failure   Level  Hunger
 Pain                     Necr           ####         1%          1    ##.....
 Corpse Rot               Necr           N/A          1%          2    ###....
 Sublimation of Blood     Necr           ####......   1%          2    ###....
 Freeze                   Ice            #...         22%         1    ##.....
 Magic Dart               Conj           #...         22%         1    ##.....
 Sting                    Conj/Pois      #...         22%         1    ##.....
 Agony                    Necr           ####....     22%         5    ######.
 Dispel Undead            Necr           ####....     22%         5    ######.
 Call Imp                 Summ           #.......     32%         2    ###....
 Poisonous Vapours        Pois/Air       #.....       32%         2    ###....
 Searing Ray              Conj           #.....       32%         2    ###....
 Slow                     Hex            #.......     32%         2    ###....
 Throw Frost              Conj/Ice       #.....       32%         2    ###....
 Conjure Flame            Conj/Fire      #.......     54%         3    ####...
 Dazzling Spray           Conj/Hex       #.....       54%         3    ####...
 Mephitic Cloud           Conj/Pois/Air  #.......     54%         3    ####...
 Ozocubu's Armour         Chrm/Ice       #.......     54%         3    ####...
 Force Lance              Conj/Tloc      #.......     75%         4    #####..
 Death Channel            Necr           ####......   77%         6    #######
 Fulminant Prism          Conj/Hex       #.........   91%         4    #####..
 Iskenderun's Mystic Bla  Conj           #.......     91%         4    #####..
 Olgreb's Toxic Radiance  Pois           #.......     91%         4    #####..
 Summon Ice Beast         Ice/Summ       #.......     91%         4    #####..
 Throw Icicle             Conj/Ice       #.......     91%         4    #####..
 Bolt of Magma            Conj/Fire/Erth #.........   97%         5    ######.
 Iskenderun's Battlesphe  Conj/Chrm      #.......     99%         5    ######.
 Venom Bolt               Conj/Pois      #.........   99%         5    ######.
 Iron Shot                Conj/Erth      #.........   100%        6    #######
 Simulacrum               Ice/Necr       ##........   100%        6    #######
 Orb of Destruction       Conj           #.........   100%        7    #######
 Spellforged Servitor     Conj/Summ      #.........   100%        7    #######


Dungeon Overview and Level Annotations

Branches:
Dungeon (11/15)            Temple (0/1) D:5            Lair (1/6) D:11
    Orc (0/2) D:10

Altars:
Dithmenos
Elyvilon
Gozag
Kikubaaqudgha
Makhleb
Nemelex Xobeh
Okawaru
Qazlal
Sif Muna
Trog
Uskayaw
Xom
Zin
The Shining One
Beogh

Annotations:
Lair:1 Gastronok


Innate Abilities, Weirdness & Mutations

You do not heal naturally.
You are immune to poison.
You have razor-sharp teeth.
You have supernaturally acute eyesight. (SInv)
You can survive without breathing.


Message History

You hit Gastronok.
Gastronok is almost dead.
The bat completely misses you. Gastronok bites you!!
* * * LOW HITPOINT WARNING * * *
You hit Gastronok but do no damage.
Gastronok is almost dead.
The bat misses you.
You puncture Gastronok!
Gastronok is almost dead.
You hit Gastronok. You bite Gastronok.
Gastronok is almost dead.
The bat hits you but does no damage.
You hit Gastronok but do no damage.
Gastronok is almost dead.
The bat hits you but does no damage.
You hit Gastronok.
Gastronok is almost dead.
You block the bat's attack. Gastronok bites you!!!
You die...
Kikubaaqudgha rasps: "You have failed me!
Welcome... oblivion!"

#........................
#.................)......
#........................
#........................
#........................
#........................
#........##.#####.#####P#
#.......w#### ### ###
##......b@# #P........#
#P........# ##........#
#........# ##........#
#.........# ##........#
#.>...[...##


You could see Gastronok and a bat.

Vanquished Creatures
  A hydra (Lair:1)
  3 two-headed ogres
  An ogre mage (D:10)
  An orc knight (D:10)
  An ugly thing (D:11)
  A cyclops (D:8)
  A spiny frog (Lair:1)
  A troll (D:9)
  A hornet (D:11)
  2 hippogriffs
  A redback (Lab)
  A wyvern (D:11)
  A vampire (D:11)
  2 wraiths
  8 yaks
  5 basilisks
  A hungry ghost (D:11)
  A water moccasin (Lair:1)
  2 porcupines
  3 orc warriors
  2 sky beasts
  A black bear (D:8)
  An ice beast (D:9)
  2 phantoms
  A centaur (D:7)
  7 ogres
  2 big kobolds (D:9)
  3 crocodiles
  13 bullfrogs
  3 scorpions
  17 killer bees
  2 vampire bats (D:4)
  7 wights
  2 howler monkeys (D:6)
  4 jellies
  6 crimson imps
  A quasit (D:10)
  A bullfrog zombie (D:5)
  A centaur skeleton (D:4)
  2 bullfrog skeletons
  5 orc priests
  6 hounds
  5 orc wizards
  Terence (D:2)
  5 iguanas
  7 worker ants
  A hound skeleton (D:11)
  2 hound zombies
  2 worker ant zombies
  4 gnolls
  2 howler monkey skeletons
  10 adders
  4 shadow imps
  An ooze (D:5)
  2 adder zombies
  2 worms
  A dart slug (D:2)
  9 leopard geckos
  33 orcs
  3 bat skeletons (D:4)
  3 bat zombies (D:4)
  4 giant cockroaches
  8 goblins
  3 hobgoblins (D:1)
  7 jackals
  2 quokkas (D:11)
  2 bats
  5 frilled lizards
  A jackal skeleton (D:5)
  7 kobolds
  5 rats (D:1)
268 creatures vanquished.

Vanquished Creatures (others)
  A killer bee (D:8)
  An orc (D:11)
  3 plants (D:2)
5 creatures vanquished.

Grand Total: 273 creatures vanquished

Notes
Turn   | Place    | Note
-------+----------+-------------------------------------------
     0 | D:1      | MisterFreud the Vampire Assassin began the quest for the
                  | Orb.
     0 | D:1      | Reached XP level 1. HP: 16/16 MP: 1/1
   122 | D:1      | Reached skill level 6 in Stealth
   306 | D:1      | Reached XP level 2. HP: 21/22 MP: 2/2
   606 | D:1      | Reached XP level 3. HP: 26/27 MP: 3/3
   895 | D:2      | Found a bloodstained altar of Trog.
  1005 | D:2      | Found a burning altar of Makhleb.
  1009 | D:2      | Reached skill level 7 in Stealth
  1009 | D:2      | Reached XP level 4. HP: 30/33 MP: 4/4
  1182 | D:2      | Noticed Terence
  1600 | D:2      | Killed Terence
  1827 | D:2      | Found a sparkling altar of Nemelex Xobeh.
  1890 | D:2      | Found a glowing golden altar of the Shining One.
  1940 | D:3      | Reached skill level 8 in Stealth
  1962 | D:3      | Reached XP level 5. HP: 28/38 MP: 5/5
  1967 | D:3      | Found an opulent altar of Gozag.
  2228 | D:3      | Found an iron altar of Okawaru.
  2555 | D:4      | Noticed an ogre
  2668 | D:4      | Noticed a phantom
  2895 | D:4      | Reached skill level 5 in Short Blades
  3154 | D:4      | Reached skill level 9 in Stealth
  3154 | D:4      | Reached XP level 6. HP: 35/44 MP: 6/6
  3209 | D:4      | Got a pearl-encrusted ring mail
  3246 | D:4      | Identified the +2 ring mail of the Blessed Realm {Int+8
                  | Dex-4 Slay-4 SInv} (You found it on level 4 of the Dungeon)
  3327 | D:4      | Found an ancient bone altar of Kikubaaqudgha.
  3400 | D:4      | Reached skill level 10 in Stealth
  3405 | D:4      | Reached XP level 7. HP: 24/49 MP: 7/7
  3409 | D:4      | Became a worshipper of Kikubaaqudgha
  3545 | D:5      | Entered Level 5 of the Dungeon
  3604 | D:5      | Found a glowing silver altar of Zin.
  4112 | D:5      | Found a white marble altar of Elyvilon.
  4372 | D:5      | Found a sparkling altar of Nemelex Xobeh.
  4710 | D:5      | Found a staircase to the Ecumenical Temple.
  4856 | D:5      | Reached * piety under Kikubaaqudgha
  4856 | D:5      | Identified Kikubaaqudgha's Tome of Sinister Secrets
                  | (Kikubaaqudgha gifted it to you on level 5 of the Dungeon)
  4856 | D:5      | Received a gift from Kikubaaqudgha
  4862 | D:5      | Learned a level 3 spell: Vampiric Draining
  4887 | D:5      | Reached XP level 8. HP: 25/55 MP: 8/8
  5017 | D:5      | Reached skill level 1 in Necromancy
  5443 | D:6      | Found a shimmering altar of Xom.
  5444 | D:6      | Found a shimmering altar of Xom.
  5444 | D:6      | Found a shimmering altar of Xom.
  5539 | D:6      | Found a hide-covered altar of Uskayaw.
  5539 | D:6      | Noticed a dagger
  5540 | D:6      | Noticed a hand axe
  5977 | D:6      | Found a shimmering altar of Xom.
  6121 | D:6      | Found a glowing silver altar of Zin.
  6124 | D:6      | Found a shimmering altar of Xom.
  6127 | D:6      | Found a stormy altar of Qazlal.
  6417 | D:7      | Reached skill level 10 in Short Blades
  6443 | D:7      | Reached skill level 5 in Necromancy
  6631 | D:7      | You fall through a shaft!
  6658 | D:8      | Reached XP level 9. HP: 61/61 MP: 9/9
  6999 | D:8      | Reached ** piety under Kikubaaqudgha
  7540 | D:8      | Reached skill level 5 in Dodging
  7582 | D:8      | Noticed a cyclops
  8679 | D:9      | Found a sparkling altar of Nemelex Xobeh.
  8914 | D:9      | Noticed a troll
  8918 | D:9      | Killed a troll
  9055 | D:9      | Noticed a two-headed ogre
  9359 | D:9      | Reached XP level 10. HP: 42/71 MP: 0/10
  9905 | D:10     | Entered Level 10 of the Dungeon
  9915 | D:10     | Noticed a two-headed ogre
  9939 | D:10     | Noticed a two-headed ogre
  9940 | D:10     | Killed a two-headed ogre
 10185 | D:10     | Found an ancient bone altar of Kikubaaqudgha.
 10236 | D:9      | Found a shadowy altar of Dithmenos.
 10331 | D:8      | Killed a cyclops
 11046 | D:9      | Found a deep blue altar of Sif Muna.
 11215 | D:10     | Found a staircase to the Orcish Mines.
 11317 | D:10     | Reached *** piety under Kikubaaqudgha
 11317 | D:10     | Identified Kikubaaqudgha's Grimoire of Evil (Kikubaaqudgha
                  | gifted it to you on level 10 of the Dungeon)
 11317 | D:10     | Received a gift from Kikubaaqudgha
 11328 | D:10     | Learned a level 5 spell: Borgnjor's Vile Clutch
 11593 | D:10     | Reached skill level 11 in Stealth
 11876 | D:10     | Noticed an ogre mage
 11876 | D:10     | Noticed a sphinx
 11876 | D:10     | Noticed an orc knight
 11913 | D:10     | Killed an orc knight
 11913 | D:10     | Reached skill level 5 in Fighting
 11913 | D:10     | Reached skill level 1 in Earth Magic
 12311 | D:10     | Found a roughly hewn altar of Beogh.
 12517 | D:10     | Paralysed by a sphinx for 3 turns
 12786 | D:10     | Killed an ogre mage
 12929 | D:11     | Noticed a two-headed ogre
 12935 | D:11     | Killed a two-headed ogre
 12935 | D:11     | Reached XP level 11. HP: 51/80 MP: 11/11
 12953 | D:11     | Found a labyrinth entrance.
 12965 | D:11     | Noticed a two-headed ogre
 12981 | Lab      | Entered a labyrinth
 13463 | Lab      | Noticed a minotaur
 13504 | Lab      | Got a transparent robe
 13820 | D:9      | Identified the +1 robe of Marbles {rF++ Dex-2} (You found
                  | it in a labyrinth)
 14039 | D:11     | Reached skill level 12 in Stealth
 14411 | D:11     | Noticed a purple ugly thing
 14465 | D:11     | Killed a green ugly thing
 14582 | D:11     | Reached **** piety under Kikubaaqudgha
 14950 | D:11     | Killed a two-headed ogre
 14950 | D:11     | Reached skill level 10 in Dodging
 14980 | D:11     | Found a staircase to the Lair.
 14991 | D:11     | Learned a level 2 spell: Blink
 15154 | D:11     | Reached skill level 13 in Stealth
 15312 | Lair:1   | Entered Level 1 of the Lair of Beasts
 15396 | D:11     | Reached skill level 1 in Translocations
 15496 | Lair:1   | Noticed a five-headed hydra
 15505 | Lair:1   | Killed a five-headed hydra
 15615 | D:11     | Reached skill level 5 in Earth Magic
 15718 | Lair:1   | Noticed Gastronok
 15889 | Lair:1   | Found an opulent altar of Gozag.
 15991 | Lair:1   | Reached skill level 14 in Stealth
 16196 | Lair:1   | Demolished by Gastronok

Vault maps used:
D:1:      lemuel_arrival_funnel
D:2:      tso_oasis_becter, makhleb_grotto_becter, lemuel_doored_altar,
          lemuel_round_altar, first_ration, serial_bayou_lake_a, uniq_terence
D:3:      nicolae_gozag_cash_rules_everything_around_me, okawaru_gym_becter
D:4:      kennysheep_vampire_church
D:5:      elyvilon_altar_5, minmay_temple_entry_glassed_door, basic_altar,
          nemelex_dance_club_becter
D:6:      dancing_weapons_uskayaw, grunt_temple_overflow_diamond,
          xom_redecorated
D:7:      hangedman_decor_diamond_cutter, kennysheep_generic_room_6
D:9:      grunt_dithmenos_smoke, nicolae_overflow_crystal_walls, basic_altar,
          blue_anna_alchemist
D:10:     minmay_orc_entry_temple_small, basic_altar, wad_scary_box
D:11:     lair_entry_dummy, lab_entry_generic
Lair:1:   basic_altar, serial_bayou_pond_e, serial_bayou_pond_d, uniq_gastronok
Lab:      labyrinth_hidden_loot, nicolae_lab_t_cross, lab_hedge,
          labyrinth_glass_1

Skill      XL: |  1  2  3  4  5  6  7  8  9 10 11 |
---------------+----------------------------------+-----
Stealth        | 6 7 8 9 10 11 14 | 14.0
Short Blades   | 3 4 5 6 8 10 | 10.0
Necromancy     | 5 7 8 |  8.0
Dodging        | 7 9 10 | 10.1
Fighting       | 3 5 6 |  6.0
Earth Magic    | 2 5 |  5.0
Translocations | 3 |  3.0
Throwing       | |  1.5

Action                   |  1- 3 |  4- 6 |  7- 9 | 10-12 || total
-------------------------+-------+-------+-------+-------++-------
Melee: Dagger            |    65 |   129 |   538 |   365 ||  1097
       Bite              |     4 |    13 |    45 |    93 ||   155
       Short sword       |       |       |       |   424 ||   424
 Fire: Blowgun           |    23 |    19 |    18 |     6 ||    66
Throw: Stone             |       |       |       |     1 ||     1
 Cast: Vampiric Draining |       |       |     4 |    35 ||    39
       Blink             |       |       |       |     2 ||     2
 Abil: End Transformatio |       |     3 |     3 |     3 ||     9
       Bat Form          |       |     3 |     3 |     3 ||     9
Evoke: Wand              |       |       |       |     5 ||     5
  Use: Scroll            |     5 |     6 |     9 |     6 ||    26
       Potion            |       |     3 |     5 |    21 ||    29
 Stab: Sleeping          |     6 |     7 |    27 |    22 ||    62
       Invisible         |       |       |       |     5 ||     5
  Eat: Corpse            |     1 |     5 |     6 |     1 ||    13
Armor: Robe              |     5 |    49 |    49 |    71 ||   174
Dodge: Dodged            |    28 |   110 |   189 |   297 ||   624
Block: Other             |       |       |    44 |    81 ||   125
       Reflection        |       |       |     4 |     1 ||     5

Table legend:
 A = Non-vault XP
 B = Vault XP
 C = Vault XP percentage of total XP
 D = Non-vault monster count
 E = Vault monster count
 F = Vault count percentage of total count
                 A         B        C        D         E       F
            +---------+---------+-------+---------+---------+-------
      Total |   17056 |    3029 |  15.1 |     237 |      32 |  11.9
            +---------+---------+-------+---------+---------+-------
        D:1 |      47 |       0 |   0.0 |      22 |       0 |   0.0
        D:2 |      51 |      84 |  62.2 |      12 |       2 |  14.3
        D:3 |      23 |       0 |   0.0 |       6 |       0 |   0.0
        D:4 |     464 |     129 |  21.8 |      14 |       8 |  36.4
        D:5 |     585 |     125 |  17.6 |      30 |       2 |   6.2
        D:6 |     654 |       0 |   0.0 |      13 |       0 |   0.0
        D:7 |     820 |       0 |   0.0 |      15 |       0 |   0.0
        D:8 |    2079 |       0 |   0.0 |      29 |       0 |   0.0
        D:9 |    2055 |     103 |   4.8 |      21 |       1 |   4.5
       D:10 |    1707 |    1975 |  53.6 |      21 |      16 |  43.2
       D:11 |    6009 |       0 |   0.0 |      44 |       0 |   0.0
     Lair:1 |    2562 |       0 |   0.0 |      10 |       0 |   0.0
        Lab |       0 |     613 | 100.0 |       0 |       3 | 100.0
            +---------+---------+-------+---------+---------+-------
